Map: Dusk Towers

Players

Felvo

  • Race: Zerg Zerg
  • League: Grandmaster

EJK - Winner!

  • Race: Terran Terran
  • League: Master

VOD

Have the link to the VOD?

Description

Time

  • Played on: Nov. 21, 2015, 4:50 p.m.
  • Length: 27:34
Show
View Real Time Build Order
Export as new Build Order

Felvo Zerg 

Build Orders: Hatch First 

Get SALT Encoding   

  12  0:00  Drone  
  13  0:13  Overlord  
  13  0:17  Drone  
  14  0:25  Drone, Extractor  
  15  0:33  Drone  
  16  0:38  Drone  
  17  0:47  Drone  
  18  0:58  Hatchery  
  18  1:02  Drone  
  18  1:12  Spawning Pool  
  18  1:15  Drone  
  18  1:18  Drone  
  19  1:39  Hatchery  
  18  1:45  Overlord  
  18  1:59  Queen  
  18  2:00  Zergling x4  
  22  2:11  Queen  
  22  2:13  Drone  
  22  2:14  Drone  
  26  2:19  Drone  
  27  2:24  Drone x2  
  29  2:33  Drone  
  29  2:35  Queen  
  32  2:38  Overlord  
  34  2:52  Drone x2  
  36  2:58  Extractor  
  36  2:59  Drone x3, Extractor  
  37  3:06  Drone x2  
  37  3:07  Drone  
  40  3:17  Drone x3  
  40  3:18  Drone x2  
  43  3:23  Queen  
  43  3:24  Overlord  
  45  3:33  Drone x3  
  48  3:34  Drone  
  48  3:36  Drone  
  50  3:43  Overlord  
  50  3:44  Drone  
  50  3:45  Lair  
  51  3:54  Roach Warren  
  50  3:57  Overlord  
  50  4:00  Metabolic Boost  
  50  4:06  Overlord  
  50  4:07  Drone  
  50  4:08  Drone x4  
  55  4:16  Drone x5  
  60  4:27  Overlord  
  60  4:34  Roach x4  
  60  4:37  Drone x2  
  60  4:38  Drone x2  
  72  4:41  Drone x2, Extractor  
  72  4:42  Drone x2  
  75  4:46  Overseer  
  75  4:48  Overlord  
  75  4:51  Drone x4  
  79  4:53  Extractor  
  79  4:55  Drone  
  79  4:56  Drone  
  79  4:59  Baneling Nest  
  79  5:01  Overlord  
  79  5:03  Zergling x2  
  79  5:04  Zergling x10  
  85  5:18  Drone x4  
  85  5:20  Extractor  
  88  5:22  Glial Reconstitution  
  88  5:26  Evolution Chamber x2  
  86  5:29  Evolution Chamber  
  86  5:33  Queen  
  83  5:40  Drone  
  83  5:41  Overlord  
  85  5:42  Drone  
  85  5:43  Drone x2  
  85  5:44  Drone x2  
  85  5:45  Drone x5  
  85  5:46  Extractor  
  93  5:57  Overlord  
  93  5:58  Zerg Missile Weapons Level 1, Zerg Ground Armor Level 1  
  93  6:00  Hatchery  
  93  6:03  Roach  
  93  6:04  Roach x3  
  94  6:06  Ravager  
  94  6:18  Infestation Pit  
  93  6:28  Queen  
  93  6:35  Roach x2  
  93  6:36  Roach x8  
  113  6:41  Zerg Melee Weapons Level 1  
  113  6:42  Hatchery  
  113  6:47  Hatchery  
  111  6:56  Drone  
  111  6:57  Hive  
  111  6:58  Overlord x3  
  112  7:09  Drone x10  
  121  7:30  Overlord x2  
  121  7:39  Hydralisk Den  
  121  7:43  Roach  
  121  7:44  Drone x5  
  122  7:45  Drone x4  
  122  7:46  Drone x4  
  133  7:56  Zerg Ground Armor Level 2, Zerg Missile Weapons Level 2, Extractor  
  133  7:58  Overlord, Extractor  
  131  8:01  Roach x4  
  131  8:05  Queen  
  139  8:08  Ravager x3  
  139  8:09  Ravager x2, Roach, Extractor  
  139  8:10  Roach x9  
  163  8:14  Extractor  
  162  8:20  Viper x2  
  168  8:35  Viper  
  171  8:49  Pneumatized Carapace  
  171  8:50  Viper x2  
  177  8:58  Overlord, Muscular Augments  
  177  8:59  Overlord x3  
  177  9:05  Zerg Melee Weapons Level 2  
  177  9:10  Spire  
  176  9:17  Drone x2  
  176  9:18  Drone  
  176  9:36  Hydralisk x2  
  176  9:37  Hydralisk x7  
  176  9:38  Hydralisk x2  
  196  9:42  Spire  
  195  10:26  Greater Spire  
  195  10:35  Hatchery  
  194  10:37  Overseer  
  194  10:38  Overseer  
  194  10:40  Zerg Ground Armor Level 3  
  194  10:57  Zerg Flyer Armor Level 1  
  194  11:01  Extractor  
  193  11:05  Extractor  
  187  11:27  Corruptor x5  
  197  11:38  Hatchery  
  196  11:43  Overlord x2  
  196  12:07  Zerg Flyer Weapons Level 1  
  196  12:10  Zerg Melee Weapons Level 3  
  196  12:11  Zerg Missile Weapons Level 3  
  188  12:41  Drone x3  
  188  12:42  Drone x3  
  184  12:52  Brood Lord x5  
  184  12:55  Hatchery  
  193  13:00  Overlord x2  
  193  13:01  Overlord  
  181  13:09  Overlord  
  181  13:10  Overlord x2  
  181  13:13  Zerg Flyer Armor Level 2  
  167  13:31  Corruptor x6  
  167  13:33  Viper x4  
  181  13:34  Corruptor x4  
  189  14:04  Overseer x2  
  183  14:49  Viper x3  
  183  14:50  Spore Crawler  
  183  14:52  Spore Crawler x2  
  189  15:04  Hatchery  
  186  15:21  Queen  
  186  15:23  Drone x4, Spore Crawler  
  186  15:24  Spore Crawler x3, Drone  
  184  15:35  Drone x3  
  186  15:36  Drone x3  
  187  15:54  Spore Crawler  
  187  15:55  Spore Crawler  
  187  15:56  Overlord x2  
  185  16:05  Brood Lord x2  
  185  16:10  Extractor  
  188  16:14  Overseer  
  188  16:15  Spine Crawler x2  
  188  16:16  Overlord  
  186  16:23  Infestor x2  
  186  16:24  Infestor x2  
  192  16:36  Corruptor x3  
  192  16:37  Corruptor  
  196  16:55  Drone x4  
  196  16:56  Drone  
  196  17:01  Zerg Flyer Armor Level 3, Zerg Flyer Weapons Level 2  
  200  17:32  Hatchery  
  129  18:39  Viper x3  
  129  18:40  Corruptor  
  129  18:41  Corruptor x18  
  152  18:50  Corruptor  
  152  18:51  Corruptor x13  
  170  19:19  Viper x3  
  170  19:22  Extractor  
  178  19:24  Spore Crawler  
  178  19:25  Extractor  
  178  19:26  Spore Crawler  
  178  19:27  Spore Crawler x3  
  178  19:29  Zerg Flyer Weapons Level 3  
  167  19:41  Drone x5  
  167  19:45  Spore Crawler  
  171  19:48  Drone  
  171  19:49  Drone x2  
  167  20:29  Brood Lord x5  
  167  20:35  Drone x8  
  176  20:55  Roach x2  
  172  21:11  Drone x3  
  172  21:12  Drone x5  
  172  21:30  Drone x3  
  172  21:31  Drone  
  172  21:32  Drone x4  
  178  21:34  Drone x3  
  178  21:35  Drone x3  
  178  21:36  Drone x5  
  188  21:43  Roach x3  
  135  23:07  Corruptor  
  135  23:08  Corruptor x17  
  135  23:12  Viper x4  
  177  23:28  Corruptor x4  
  177  23:30  Overlord x2  
  185  23:35  Hatchery  
  185  23:40  Drone x2  
  186  23:48  Overlord x3  
  186  24:00  Corruptor x4  
  194  24:07  Overseer  
  194  24:09  Overseer x2  
  194  24:18  Overseer x2  
  194  24:20  Overseer  
  194  24:21  Overlord  
  194  24:24  Brood Lord  
  196  24:43  Zergling x2  
  196  24:44  Zergling x10  
  198  24:51  Zergling x6  
  195  25:12  Overlord  
  151  25:31  Corruptor x2  
  151  25:32  Corruptor  
  151  25:33  Corruptor  
  151  25:34  Corruptor x11  
  155  25:41  Hatchery  
  150  25:50  Corruptor x2  
  154  26:03  Zergling x26  
  154  26:04  Zergling x4  
  167  26:23  Corruptor x2  
  171  26:29  Corruptor  
  171  26:32  Overseer  
  158  27:05  Corruptor x2  
  158  27:07  Spore Crawler  
  161  27:09  Spore Crawler x2  
  161  27:10  Spore Crawler  
  161  27:12  Spore Crawler x2  
  161  27:13  Spore Crawler x3  
  153  27:15  Spore Crawler  
  153  27:16  Spore Crawler  
Show
View Real Time Build Order
Export as new Build Order

EJK Terran - Winner!

Build Orders: Command Center First (CC), Mech 

Get SALT Encoding   

  12  0:01  SCV  
  13  0:13  SCV  
  14  0:22  Supply Depot  
  14  0:25  SCV  
  15  0:44  SCV  
  16  0:56  SCV  
  17  1:00  Command Center  
  17  1:08  SCV  
  18  1:14  Barracks  
  18  1:20  SCV  
  18  1:23  Refinery  
  19  1:32  SCV  
  20  1:40  Refinery  
  20  1:44  SCV  
  21  1:56  SCV  
  21  2:01  Marine  
  23  2:07  Supply Depot  
  23  2:09  Orbital Command  
  23  2:11  Orbital Command  
  23  2:18  Marine  
  24  2:31  Factory  
  24  2:38  SCV x2  
  24  2:43  Barracks Reactor  
  26  2:50  SCV x2  
  28  2:56  Command Center  
  28  3:00  Refinery  
  28  3:02  SCV  
  28  3:03  SCV  
  30  3:14  SCV  
  30  3:15  SCV  
  30  3:19  Marine x2  
  33  3:22  Starport  
  33  3:27  SCV x2  
  35  3:29  Factory Tech Lab  
  36  3:37  Marine x2  
  36  3:39  SCV x2  
  40  3:44  Bunker  
  40  3:48  Refinery  
  40  3:49  Refinery  
  40  3:51  SCV x2  
  40  3:54  Siege Tank  
  40  3:55  Marine  
  46  4:08  SCV x2, Marine  
  46  4:09  Orbital Command  
  49  4:15  Medivac  
  49  4:16  Marine  
  52  4:20  SCV x2  
  52  4:21  Supply Depot  
  54  4:25  Marine  
  54  4:29  Siege Tank  
  58  4:33  SCV x2  
  60  4:39  SCV  
  60  4:45  SCV x2  
  63  4:46  Supply Depot  
  63  4:47  Supply Depot  
  63  4:51  SCV, Liberator  
  64  4:57  SCV x2  
  66  5:05  Factory  
  66  5:06  Barracks Tech Lab  
  66  5:11  Factory  
  66  5:12  Orbital Command  
  69  5:14  Hellion x2  
  73  5:26  SCV x2  
  73  5:27  Engineering Bay  
  73  5:28  Supply Depot, Armory  
  74  5:36  Hellion x2  
  74  5:40  Liberator  
  79  5:42  SCV  
  79  5:43  SCV  
  79  5:45  SCV  
  81  5:50  Siege Tank  
  81  5:53  Refinery  
  84  5:57  Hellion x2, Refinery  
  84  6:00  SCV x2  
  93  6:11  Factory  
  93  6:13  Factory  
  93  6:21  Supply Depot  
  93  6:27  SCV  
  93  6:32  Terran Vehicle Weapons Level 1  
  93  6:36  Supply Depot  
  93  6:37  Supply Depot  
  93  6:40  Liberator  
  93  6:42  SCV, Hellion x2, Siege Tank  
  101  6:47  Command Center, SCV x2, Siege Tank  
  106  6:56  Factory Tech Lab  
  106  6:57  Factory Reactor  
  106  6:59  SCV  
  106  7:00  SCV  
  106  7:01  SCV  
  112  7:04  Supply Depot  
  112  7:06  Supply Depot  
  112  7:08  Supply Depot, Missile Turret  
  112  7:09  Hellion x2  
  112  7:12  SCV  
  112  7:13  SCV x2  
  119  7:22  Siege Tank x2  
  124  7:24  SCV  
  124  7:26  Siege Tank  
  128  7:30  Hellion  
  128  7:31  Hellion  
  128  7:35  Hellion x2  
  134  7:49  Starport Reactor  
  134  7:53  Sensor Tower  
  134  7:54  Siege Tank, Missile Turret  
  134  7:55  Siege Tank  
  134  7:56  Hellion x2  
  134  7:58  Siege Tank  
  147  8:16  Refinery  
  147  8:18  Command Center  
  147  8:19  Command Center  
  147  8:23  Liberator x2  
  147  8:26  Armory  
  147  8:30  Refinery  
  147  8:33  Missile Turret  
  147  8:37  Mag-Field Accelerator  
  147  8:39  Terran Vehicle Weapons Level 2  
  153  8:44  Planetary Fortress  
  153  8:45  Starport  
  153  8:47  Starport  
  153  8:56  Command Center  
  153  8:57  Missile Turret  
  153  9:00  Sensor Tower, Missile Turret x2  
  153  9:02  Missile Turret  
  153  9:04  Infernal Pre-Igniter  
  153  9:06  Cyclone x2  
  159  9:14  Cyclone  
  161  9:26  Starport Tech Lab x2  
  161  9:29  Terran Vehicle And Ship Armor Level 1  
  161  9:30  Fusion Core  
  161  9:33  Orbital Command  
  161  9:34  Orbital Command  
  161  9:50  Cyclone x2  
  167  9:53  Sensor Tower  
  167  9:56  Missile Turret  
  157  10:18  Refinery  
  157  10:22  Refinery  
  157  10:24  Starport  
  157  10:25  Starport  
  157  10:26  Fusion Core  
  157  10:27  Cloaking Field  
  157  10:28  Banshee  
  157  10:29  Banshee  
  157  10:32  Behemoth Reactor  
  163  10:39  Hyperflight Rotors  
  163  10:43  Planetary Fortress  
  163  10:50  Cyclone  
  163  10:51  Hellion  
  163  10:52  Hellion x3  
  163  10:55  Terran Ship Weapons Level 1  
  163  10:56  Missile Turret  
  174  11:03  Command Center  
  174  11:09  Liberator x2  
  170  11:21  Starport Tech Lab x2  
  170  11:23  Banshee x2  
  176  11:29  Weapon Refit  
  182  11:35  Command Center, Cyclone x3  
  191  11:40  Banshee x2  
  194  12:06  Banshee  
  197  12:12  Terran Vehicle And Ship Armor Level 2, Viking  
  191  13:03  Planetary Fortress  
  188  13:11  Refinery  
  188  13:17  Refinery, Orbital Command  
  188  13:20  Command Center  
  188  13:42  Terran Ship Weapons Level 2  
  188  13:47  Starport x2  
  179  14:29  Starport Tech Lab  
  179  14:30  Starport Tech Lab  
  179  14:33  Terran Vehicle And Ship Armor Level 3  
  179  14:34  Raven x4  
  179  14:35  Viking x2  
  179  14:53  Building Armor  
  179  14:54  Command Center  
  179  14:57  Command Center  
  179  15:10  Battlecruiser x2  
  191  15:17  Battlecruiser x2  
  191  15:18  Viking x2  
  195  15:39  Missile Turret  
  195  15:40  Sensor Tower, Missile Turret x2  
  191  15:58  Battlecruiser  
  195  16:05  Terran Ship Weapons Level 3  
  193  16:12  Battlecruiser  
  187  16:35  Battlecruiser  
  187  16:36  Battlecruiser  
  197  16:50  Orbital Command  
  197  16:53  Command Center  
  195  16:58  Planetary Fortress  
  198  17:02  Liberator  
  198  17:06  Refinery  
  196  17:10  Terran Vehicle Weapons Level 3, Refinery  
  198  17:34  Missile Turret  
  198  17:37  Missile Turret  
  198  17:38  Missile Turret x3  
  191  17:55  Battlecruiser x3  
  191  17:56  Hellion x2  
  181  18:27  Battlecruiser x3  
  181  18:28  Cyclone x3  
  181  18:29  Hellion x3  
  177  18:59  Battlecruiser x3  
  177  19:00  Cyclone  
  198  19:15  SCV  
  198  19:27  SCV  
  199  19:52  SCV  
  194  19:59  Battlecruiser  
  200  20:04  SCV  
  199  20:09  Cyclone  
  194  20:34  Raven x4  
  188  21:18  Cyclone x2  
  188  21:19  Cyclone  
  188  21:21  Viking x3  
  200  21:30  Refinery  
  200  21:31  Orbital Command  
  200  21:32  Refinery  
  200  21:39  Hellion  
  200  22:07  Command Center  
  200  22:10  Command Center  
  199  22:34  Command Center  
  190  23:04  Raven x2  
  190  23:05  Battlecruiser x2  
  189  23:42  Battlecruiser  
  189  23:44  Hi-Sec Auto Tracking  
  189  23:57  Liberator x2  
  189  23:58  Liberator  
  189  24:15  Viking  
  187  25:26  Battlecruiser x2  
  192  25:29  Battlecruiser  
  192  25:33  Refinery  
  198  25:37  Command Center  
  197  25:58  Orbital Command  
  192  26:17  Cyclone x3  
  199  26:50  Orbital Command  
  199  26:56  Sensor Tower  
  199  26:59  SCV  
Tags
 
Add a new tag
Caveats
  • Supply blocks, unpowered buildings, or Contaminate may cause inaccurate times.
  • Supply counts are checked every 10 seconds.